 Dungeon Crawl Stone Soup version 0.30-a0-187-gd9c2deaf24 (webtiles) character file.

Game seed: 9194165552948226054

14 Flugkiller the Sneak (level 2, 0/24 HPs)
             Began as a Mummy Delver on Oct 3, 2022.
             Slain by a hound (1 damage)
             ... on level 4 of the Dungeon.
             The game lasted 00:00:22 (112 turns).

Flugkiller the Sneak (Mummy Delver)                  Turns: 112, Time: 00:00:23

Health: 0/24       AC:  3    Str: 15    XL:     2   Next: 27%
Magic:  2/2        EV: 12    Int:  9    God:
Gold:   23         SH:  0    Dex: 13    Spells: 1/1 levels left

rFire   x . .      SeeInvis .    a - +0 falchion
rCold   + . .      Faith    +    (no shield)
rNeg    + + +      Spirit   .    b - +0 leather armour
rPois   ∞          Reflect  .    (no helmet)
rElec   .          Harm     .    (no cloak)
rCorr   .          Rampage  .    (no gloves)
Will    .....                    (no boots)
Stlth   ++........               (no amulet)
HPRegen 0.24/turn                (no ring)
MPRegen 0.08/turn                (no ring)

@: no status effects
A: cold resistance 1, negative energy resistance 3, torment resistance 2, heat
vulnerability 1, no potions, faith
a: no special abilities


You were on level 4 of the Dungeon.
You visited 1 branch of the dungeon, and saw 2 of its levels.

You collected 23 gold pieces.

Inventory:

Hand Weapons
 a - a +0 falchion (weapon)
Armour
 b - a +0 leather armour (worn)
Wands
 f - a wand of digging (3)
Scrolls
 c - a scroll of fog


   Skills:
 + Level 3.1 Fighting
 * Level 2.0 Long Blades
 * Level 2.0 Dodging
 - Level 4.1 Stealth


You had one spell level left.
You didn't know any spells.
Your spell library was empty.

Dungeon Overview and Level Annotations

Branches:
Dungeon (5/15) Zot: 11883
 Temple: D:4-7

Altars:


Innate Abilities, Weirdness & Mutations

You are immune to poison.
Your flesh is cold resistant. (rC+)
You are immune to negative energy. (rN+++)
You are immune to unholy pain and torment.
You are vulnerable to heat. (rF-)
You do not drink.
You have a special connection with the divine. (Faith)


Message History

An adder is nearby!
An endoplasm comes into view.
The adder bites you.
You miss the adder. The adder closely misses you. The adder barely misses you.
You barely miss the adder. The adder bites you but does no damage.
You barely miss the adder. The adder bites you. x2
You hit the adder.
The adder is moderately wounded.
The adder barely misses you. The adder bites you.
You hit the adder.
The adder is heavily wounded.
The adder bites you.
You completely miss the adder.
The adder is heavily wounded.
The adder bites you. x2
You barely miss the adder.
The adder is heavily wounded.
The adder barely misses you.
You hit the adder but do no damage.
The adder is heavily wounded.
The adder bites you but does no damage. The adder barely misses you.
You miss the adder.
The adder is heavily wounded.
The adder closely misses you. The adder bites you but does no damage.
You hit the adder but do no damage.
The adder is heavily wounded.
The adder closely misses you.
You slash the adder!
You kill the adder!
You have reached level 2!
There is a stone staircase leading down here.
You start resting.
An endoplasm is nearby!
An endoplasm is nearby!
There is a stone staircase leading down here.
You see here an adder corpse.
HP restored.
Found a viscous brown potion.
You now have 23 gold pieces (gained 17).
An endoplasm and a centaur come into view.
Found 15 gold pieces.
The centaur shouts!
You hear a shout!
The centaur wields a +0 shortbow.
The centaur shoots an arrow.
The arrow hits you.
The centaur shoots an arrow.
The arrow hits you!
Ouch! That really hurt!
* * * LOW HITPOINT WARNING * * *
The endoplasm quivers.
Unknown command.
As you read the scroll of fear, it crumbles to dust.
You assume a fearsome visage.
The endoplasm looks frightened!
The centaur looks frightened!
The centaur prays for help.
Unknown command.
As you read the scroll of magic mapping, it crumbles to dust.
You feel aware of your surroundings.
A goblin comes into view. It is wielding a +0 dagger.
The goblin shouts!
A hobgoblin comes into view.
The hobgoblin shouts!
The centaur begs for mercy.
An endoplasm comes into view.
The hobgoblin barely misses you.
A hound comes into view.
The hound moves out of view.
The hobgoblin attacks as you move away! The hobgoblin hits you.
* * * LOW HITPOINT WARNING * * *
The hobgoblin attacks as you move away!
The hobgoblin hits you but does no damage.
You barely miss the hobgoblin. Your punch misses the hobgoblin.
The hobgoblin hits you but does no damage.
You hit the hobgoblin.
You kill the hobgoblin!
The goblin hits you with a +0 dagger.
* * * LOW HITPOINT WARNING * * *
You see here a hobgoblin corpse.
The goblin attacks as you move away! The goblin hits you with a +0 dagger.
* * * LOW HITPOINT WARNING * * *
You hit the goblin.
You kill the goblin!
The endoplasm attacks as you move away!
The endoplasm hits you but does no damage.
You hit the endoplasm.
The endoplasm is heavily wounded.
The endoplasm closely misses you.
You slash the endoplasm!
You kill the endoplasm!
Your Long Blades skill increases to level 2!
Your Dodging skill increases to level 2!
A hound comes into view.
The hound barks!
The hound attacks as you move away! The hound bites you.
* * * LOW HITPOINT WARNING * * *
The hound bites you but does no damage.
You barely miss the hound. The hound bites you.
* * * LOW HITPOINT WARNING * * *
Okay, then.
You slash the hound!
The hound is heavily wounded.
The hound bites you.
You die...

*,* *,* *,*******
*,********,*#****,*
*,,,,,,,,,*,.,,,,,*
*,,*****,*##.,,,***
*,,,,,,,,,#.#**,*
**,*******..# *,*
*,,,,* *#.# *,***
****,* #.# *,,,*
#.# #@# ***>* #.#
#h# *,* #.#
###.#####.* #.#
#.........# #.#
#.#.####### #.#
#.#.#
######.###.#.#
#..........#.#
#.####.##..#.#


You could see a hound.

Vanquished Creatures
  An adder (D:4)
  An endoplasm (D:4)
  A goblin (D:4)
  A hobgoblin (D:4)
4 creatures vanquished.

Notes
Turn   | Place    | Note
-------+----------+-------------------------------------------
     0 | D:5      | Flugkiller the Mummy Delver began the quest for the Orb.
     0 | D:5      | Reached XP level 1. HP: 18/18 MP: 1/1
    17 | D:5      | Noticed a necrophage
    41 | D:4      | Reached XP level 2. HP: 17/24 MP: 2/2
    77 | D:4      | Noticed a centaur
   111 | D:4      | HP: 1/24 [hound (5)]
   112 | D:4      | Slain by a hound

Illustrated notes

Levels and vault maps discovered:
D:4:      layout_loops_ring
D:5:      layout_rooms, amethyst_overflow_temple_binary,
          nicolae_figureground_sparkle

Skill      XL: |  1  2 |
---------------+-------+-----
Long Blades    | 2 |  2.0
Dodging        | 2 |  2.0
Fighting       | |  3.1
Stealth        | |  4.1

Action                   || total
-------------------------++-------
Melee: Falchion          ||    18
  Use: Scroll            ||     2
Armor: Leather armour    ||     7
Dodge: Dodged            ||     9

Table legend: (Time is in decaauts)
 A = Elapsed time spent in this place.
 B = Non-inter-level travel time spent in this place.
 C = Inter-level travel time spent in this place.
 D = Time resting spent in this place.
 E = Time spent auto-exploring this place.
 F = Levels seen in this place.
 G = Mean time per level.
                   A        B        C        D        E       F      G
               +--------+--------+--------+--------+--------+-----+--------+
         Total |    115 |    115 |      0 |     16 |     28 |   2 |   57.5 |
       Dungeon |    115 |    115 |      0 |     16 |     28 |   2 |   57.5 |
               +--------+--------+--------+--------+--------+-----+--------+

Top non-repeatable levels by time:
     D:4: 89 daAuts
     D:5: 26 daAuts
